[Event "Titled Tuesday Blitz May 4 2021"]
[White "Grineva, Marianna"]
[Black "Kapitanchuk, Tomas"]
[WhiteFideId "14102013"]
[BlackFideId "135046"]
[WhiteElo "1925"]
[BlackElo "1955"]
[Result "0-1"]
[Round "01"]
[TimeControl "180+1"]
[Date "2021.05.04"]
[WhiteClock "0:00:02"]
[BlackClock "0:00:42"]

1. e4 c5 2. Nf3 e6 3. d4 cxd4 4. Nxd4 Nc6 5. Nc3 Qc7 6. Be3 a6 7. f4 b5 8. a3 Bb7 9. Bd3 Nxd4 10. Bxd4 Qxf4 11. Qe2 Nf6 12. Rf1 Qxh2 13. O-O-O Be7 14. Kb1 Qc7 15. g4 h6 16. Rf2 d6 17. Rdf1 e5 18. Be3 Bc6 19. Na2 Qb7 20. g5 hxg5 21. Bxg5 a5 22. Nc3 b4 23. axb4 axb4 24. Nd5 Qa7 25. Kc1 Bxd5 26. exd5 Qa1+ 27. Kd2 Qxb2 28. Bb5+ Kd8 29. Qe3 Qc3+ 30. Qxc3 bxc3+ 31. Kd3 Rh3+ 32. Kc4 Rc8+ 33. Kb3 Rb8 34. Ka4 Rg3 35. Bxf6 Rg4+ 36. Ka5 Bxf6 37. Rh2 Ke7 38. Rf3 Ra8+ 39. Kb6 Rb8+ 40. Kc6 Rb4 41. Rxc3 R4xb5 42. Ra3 R5b6+ 43. Kc7 R6b7+ 44. Kc6 Rb6+ 45. Kc7 R8b7+ 46. Kc8 e4 47. Ra8 Rb4 48. c4 Rd7 49. Rc2 e3 0-1


[Site "https://www.chess.com"]

[Event "Titled Tuesday Blitz May 4 2021"]
[White "Grunberg, Mihai-Lucian"]
[Black "Remizov, Yaroslav"]
[WhiteFideId "1204149"]
[BlackFideId "34134015"]
[WhiteElo "2364"]
[BlackElo "2367"]
[Result "0-1"]
[Round "01"]
[TimeControl "180+1"]
[Date "2021.05.04"]
[WhiteClock "0:01:55"]
[BlackClock "0:02:49"]

1. Nf3 d5 2. c4 d4 3. d3 Nc6 4. e3 g6 5. exd4 Nxd4 6. Nxd4 Qxd4 7. Nc3 Bg7 8. Be3 Qd8 9. d4 Nh6 10. Be2 Nf5 11. d5 Nxe3 12. fxe3 O-O 13. O-O c6 14. e4 Qb6+ 15. Kh1 Qxb2 16. Na4 Qxa1 17. Qxa1 Bxa1 18. Rxa1 Bd7 19. Nc5 Bc8 20. e5 b6 21. Nb3 cxd5 22. cxd5 Bb7 23. Bf3 Rfd8 24. Rd1 Rac8 25. h4 a5 26. Rd4 a4 27. Nd2 Bxd5 28. Bxd5 e6 29. Ne4 exd5 30. Nf6+ Kg7 31. Nxd5 Rc5 0-1


[Site "https://www.chess.com"]

[Event "Titled Tuesday Blitz May 4 2021"]
[White "Gusarov, Grigory"]
[Black "Sargissyan, Sargis"]
[WhiteFideId "24102172"]
[BlackFideId "13303210"]
[WhiteElo "2285"]
[BlackElo "2174"]
[Result "1-0"]
[Round "01"]
[TimeControl "180+1"]
[Date "2021.05.04"]
[WhiteClock "0:01:23"]
[BlackClock "0:00:13"]

1. e4 c5 2. Nf3 d6 3. Bb5+ Nd7 4. O-O a6 5. Bxd7+ Bxd7 6. d4 cxd4 7. Qxd4 Nf6 8. e5 dxe5 9. Nxe5 Bb5 10. Qxd8+ Rxd8 11. c4 Bd7 12. Nxd7 Nxd7 13. Nc3 e6 14. Bf4 Be7 15. Rfd1 Nf6 16. Rxd8+ Kxd8 17. Rd1+ Kc8 18. f3 Rd8 19. Rxd8+ Kxd8 20. Kf2 Bc5+ 21. Ke2 Kd7 22. Kd3 Bd6 23. Bxd6 Kxd6 24. b4 Ke5 25. g3 Nd7 26. Ne4 b6 27. h3 h6 28. f4+ Kf5 29. Nd6+ Kg6 30. Kd4 f6 31. c5 bxc5+ 32. bxc5 Nb8 33. Ke4 Nc6 34. g4 h5 35. f5+ Kh6 36. fxe6 Kg6 37. Nf5 hxg4 38. hxg4 Kg5 39. e7 Nxe7 40. Nxe7 Kxg4 41. c6 g6 42. c7 f5+ 43. Ke5 f4 44. c8=Q+ 1-0


[Site "https://www.chess.com"]

[Event "Titled Tuesday Blitz May 4 2021"]
[White "Guz, Ari"]
[Black "Winslow, Elliott"]
[WhiteFideId "2825759"]
[BlackFideId "2002523"]
[WhiteElo "1847"]
[BlackElo "2250"]
[Result "0-1"]
[Round "01"]
[TimeControl "180+1"]
[Date "2021.05.04"]
[WhiteClock "0:01:09"]
[BlackClock "0:01:19"]

1. d4 Nf6 2. g3 g6 3. Bg2 Bg7 4. c4 O-O 5. Nc3 d6 6. e4 e5 7. Nge2 c6 8. O-O Nbd7 9. h3 Qb6 10. d5 cxd5 11. cxd5 Nc5 12. Qc2 Bd7 13. Be3 Rfc8 14. Rab1 a5 15. Kh2 Qa6 16. f4 exf4 17. gxf4 b5 18. e5 Bf5 19. Qd2 dxe5 20. fxe5 Nfe4 21. Nxe4 Nxe4 22. Qd4 Rc4 23. Qd1 Bxe5+ 24. Kg1 Rd8 25. b3 Rcc8 26. Qe1 Qd6 27. Rd1 a4 28. Bf4 Bxf4 29. Nxf4 Re8 30. Qh4 g5 31. Qh5 h6 32. h4 Ng3 33. Qf3 gxf4 34. Qxf4 Ne2+ 0-1


[Site "https://www.chess.com"]

[Event "Titled Tuesday Blitz May 4 2021"]
[White "Guzman Moneo, Alberto"]
[Black "Nefedov, Sergey"]
[WhiteFideId "2209616"]
[BlackFideId "24113417"]
[WhiteElo "2157"]
[BlackElo "2385"]
[Result "0-1"]
[Round "01"]
[TimeControl "180+1"]
[Date "2021.05.04"]
[WhiteClock "0:00:06"]
[BlackClock "0:00:17"]

1. d4 Nf6 2. Bf4 e6 3. e3 Bd6 4. Bxd6 cxd6 5. c4 d5 6. cxd5 Nxd5 7. e4 Nf6 8. Nc3 O-O 9. Bd3 Nc6 10. Nf3 Qb6 11. e5 Qxb2 12. Nb5 Qb4+ 13. Kf1 Nd5 14. Nd6 f5 15. Bc4 Nc3 16. Qd2 Ne4 17. Qxb4 Nxb4 18. g3 b6 19. Rb1 Nxd6 20. exd6 Bb7 21. Ne5 Bxh1 22. Rxb4 Rfd8 23. f3 Rac8 24. a4 a5 25. Rxb6 Bxf3 26. Ba6 Rc1+ 27. Kf2 Bd5 28. Bb5 Rdc8 29. Bxd7 R8c2+ 30. Ke3 g5 0-1


[Site "https://www.chess.com"]

[Event "Titled Tuesday Blitz May 4 2021"]
[White "Havanecz, Bianka"]
[Black "Aliavdin, Nikolai"]
[WhiteFideId "704814"]
[BlackFideId "13502883"]
[WhiteElo "2350"]
[BlackElo "2268"]
[Result "0-1"]
[Round "01"]
[TimeControl "180+1"]
[Date "2021.05.04"]
[WhiteClock "0:00:03"]
[BlackClock "0:00:48"]

1. d4 Nf6 2. c4 c5 3. d5 e5 4. Nc3 d6 5. e4 Be7 6. Bd3 O-O 7. Nge2 Ne8 8. O-O Bg5 9. Ng3 g6 10. Nce2 Bxc1 11. Qxc1 Nd7 12. a3 Ng7 13. b4 b6 14. Rb1 cxb4 15. axb4 a5 16. bxa5 bxa5 17. Qa3 Nc5 18. Rfc1 f5 19. exf5 Nxf5 20. Bxf5 Bxf5 21. Nxf5 Rxf5 22. Ng3 Rf4 23. f3 Rd4 24. Rc3 Qh4 25. Qa2 a4 26. Ne2 Rd3 27. Rxd3 Nxd3 28. Rf1 Qd8 29. Qa3 Qb6+ 30. c5 Qxc5+ 31. Qxc5 Nxc5 32. Nc3 Rb8 33. Ra1 Rb4 34. Kf2 Rc4 35. Nb5 Rc2+ 36. Kg3 Rd2 37. Nxd6 Rxd5 38. Nc4 Kg7 39. Nb6 Rd4 40. Kf2 e4 41. fxe4 Rxe4 42. Nd7 Nxd7 0-1


[Site "https://www.chess.com"]

[Event "Titled Tuesday Blitz May 4 2021"]
[White "Heinemann, Josefine"]
[Black "Sviridova, Vlada"]
[WhiteFideId "12900460"]
[BlackFideId "24109606"]
[WhiteElo "2300"]
[BlackElo "2101"]
[Result "1-0"]
[Round "01"]
[TimeControl "180+1"]
[Date "2021.05.04"]
[WhiteClock "0:00:22"]
[BlackClock "0:00:14"]

1. e4 e6 2. d4 d5 3. Nd2 c5 4. exd5 Qxd5 5. Ngf3 cxd4 6. Bc4 Qd7 7. O-O Nc6 8. Nb3 a6 9. Nbxd4 Nxd4 10. Nxd4 Qc7 11. Be2 Bd6 12. h3 Ne7 13. Bf3 O-O 14. c3 e5 15. Nc2 Bf5 16. Ne3 Bg6 17. Nd5 Nxd5 18. Bxd5 Rad8 19. Bg5 Rd7 20. Qf3 Kh8 21. Rad1 f6 22. Bc1 Re7 23. Bb3 e4 24. Qe2 f5 25. Qc4 Qxc4 26. Bxc4 Be5 27. g3 Rc7 28. Bb3 h6 29. Rd5 Re7 30. Rfd1 Kh7 31. Rd7 Rfe8 32. Rxe7 Rxe7 33. Be3 b5 34. Rd8 Bf7 35. Bxf7 Rxf7 36. Re8 Bd6 37. Re6 Rd7 38. g4 f4 39. Bd4 e3 40. fxe3 f3 41. Kf2 a5 42. Kxf3 b4 43. c4 a4 44. c5 Be7 45. c6 Rc7 46. Be5 Ra7 47. c7 1-0


[Site "https://www.chess.com"]

[Event "Titled Tuesday Blitz May 4 2021"]
[White "Hernandez Jimenez, Alexander Andres"]
[Black "Rzayev, Bahruz"]
[WhiteFideId "3900452"]
[BlackFideId "13403036"]
[WhiteElo "2151"]
[BlackElo "2331"]
[Result "0-1"]
[Round "01"]
[TimeControl "180+1"]
[Date "2021.05.04"]
[WhiteClock "0:00:03"]
[BlackClock "0:00:16"]

1. e4 c5 2. Nf3 a6 3. d4 cxd4 4. Nxd4 Nf6 5. Nc3 e5 6. Nde2 Nc6 7. g3 Bb4 8. Bg2 O-O 9. O-O d6 10. Bg5 h6 11. Bxf6 Qxf6 12. Nd5 Qg6 13. Nxb4 Nxb4 14. Nc3 Bg4 15. f3 Bd7 16. Qd2 Rac8 17. Rad1 Rfd8 18. a3 Nc6 19. Qxd6 Qxd6 20. Rxd6 Nd4 21. Rf2 Bc6 22. Rxd8+ Rxd8 23. f4 f6 24. fxe5 fxe5 25. Nd5 Bd7 26. c3 Nc6 27. Bf1 Be6 28. Bc4 Kh8 29. Rd2 b5 30. Ba2 Na5 31. Kf2 g5 32. Ke3 Kg7 33. b4 Nb7 34. Bb1 Nd6 35. Bd3 Bf7 36. Be2 Bg6 37. Nc7 Rd7 38. Ne6+ Kf6 39. Nc5 Rd8 40. a4 Ke7 41. axb5 axb5 42. Ra2 Kf6 43. Ra6 Ke7 44. Rb6 h5 45. Bxb5 h4 46. Nb7 Nxb7 47. Rxb7+ Kf6 48. Rb6+ Kg7 49. Bc6 Rd1 50. Bd5 h3 51. Rd6 Rh1 52. b5 Rxh2 53. b6 Rb2 54. Rd7+ Kh6 0-1


[Site "https://www.chess.com"]

[Event "Titled Tuesday Blitz May 4 2021"]
[White "Howell, David W L"]
[Black "Altman, Joshua"]
[WhiteFideId "410608"]
[BlackFideId "426210"]
[WhiteElo "2643"]
[BlackElo "1932"]
[Result "1-0"]
[Round "01"]
[TimeControl "180+1"]
[Date "2021.05.04"]
[WhiteClock "0:01:08"]
[BlackClock "0:00:34"]

1. d4 e6 2. Nf3 Nf6 3. g3 b6 4. Bg2 Bb7 5. O-O Be7 6. c4 O-O 7. Re1 c5 8. d5 d6 9. e4 Nbd7 10. Nc3 h6 11. a4 a6 12. Bh3 e5 13. Nh4 Re8 14. Be3 Bf8 15. Qd2 b5 16. axb5 axb5 17. cxb5 Nb6 18. Qe2 Qc7 19. Nf3 Rxa1 20. Rxa1 Ra8 21. Qf1 Rxa1 22. Qxa1 Nc4 23. Bc1 Bc8 24. Bxc8 Qxc8 25. b3 Qg4 26. Kg2 Nb6 27. h3 Qg6 28. Nh4 Qh5 29. Be3 g5 30. Nf3 g4 31. hxg4 Nxg4 32. Qh1 Qg6 33. Nh4 Nxe3+ 34. fxe3 Qg4 35. Qh3 Qg5 36. Nf5 Nd7 37. Kf3 Nb6 38. Qg4 c4 39. bxc4 Nxc4 40. Qxg5+ hxg5 41. Na4 Kh7 42. b6 Nxb6 43. Nxb6 Kg6 44. Kg4 1-0


[Site "https://www.chess.com"]

[Event "Titled Tuesday Blitz May 4 2021"]
[White "Iniyan, P"]
[Black "Shuvalov, Evgenij"]
[WhiteFideId "25002767"]
[BlackFideId "4187237"]
[WhiteElo "2400"]
[BlackElo "2163"]
[Result "1-0"]
[Round "01"]
[TimeControl "180+1"]
[Date "2021.05.04"]
[WhiteClock "0:00:18"]
[BlackClock "0:00:02"]

1. Nf3 d5 2. d4 Nf6 3. c4 c6 4. Nc3 dxc4 5. a4 Bf5 6. e3 e6 7. Bxc4 Bb4 8. O-O Nbd7 9. Qe2 O-O 10. e4 Bg6 11. Bd3 Bh5 12. e5 Nd5 13. Ne4 a5 14. h3 Be7 15. Bd2 Nb4 16. Bb1 Nb6 17. g4 Bg6 18. h4 Bxh4 19. Nxh4 Qxh4 20. Bg5 Qh3 21. Ra3 Qxf1+ 22. Kxf1 N6d5 23. Rh3 Rab8 24. Bd2 b5 25. axb5 Rxb5 26. f4 f5 27. Ng5 Nc7 28. gxf5 Bxf5 29. Bxf5 Rxf5 30. Kg2 h6 31. Ne4 Nbd5 32. b3 a4 33. Nd6 Rxb3 34. Nxf5 exf5 35. Rxb3 axb3 36. Qc4 b2 37. Qb3 Ne6 38. Qxb2 Nexf4+ 39. Bxf4 Nxf4+ 40. Kf3 Nd5 41. Qb7 g5 42. Qc8+ Kg7 43. Qxf5 Nf4 44. Qd7+ Kg6 45. Qxc6+ Kh5 46. d5 Ng6 47. Qe8 g4+ 48. Kg3 Kg5 49. d6 h5 50. d7 h4+ 51. Kf2 g3+ 52. Kg1 h3 53. d8=Q+ Kh6 54. Qf6 h2+ 55. Kg2 Kh7 56. Qexg6# 1-0


[Site "https://www.chess.com"]

[Event "Titled Tuesday Blitz May 4 2021"]
[White "Injac, Teodora"]
[Black "Baker, Chris W"]
[WhiteFideId "932400"]
[BlackFideId "401676"]
[WhiteElo "2308"]
[BlackElo "2230"]
[Result "1-0"]
[Round "01"]
[TimeControl "180+1"]
[Date "2021.05.04"]
[WhiteClock "0:00:18"]
[BlackClock "0:00:19"]

1. d4 Nf6 2. Nf3 e6 3. c4 d5 4. Nc3 Bb4 5. Qa4+ Nc6 6. e3 O-O 7. Bd2 dxc4 8. Bxc4 a6 9. O-O Rb8 10. Qc2 b5 11. Bd3 Bb7 12. a3 Be7 13. b4 g6 14. Rac1 Na7 15. Ne4 Nd5 16. Nc5 Bxc5 17. dxc5 Nc6 18. e4 Nf6 19. Bg5 e5 20. Rcd1 Qe7 21. Qc1 Qe6 22. Bb1 Nh5 23. Qc2 Rfe8 24. Ba2 Qg4 25. h3 Qc8 26. Bh6 Nf4 27. Ng5 Re7 28. Kh2 Nd4 29. Rxd4 exd4 30. c6 Ba8 31. Qc5 Qe8 32. Qxd4 Re5 33. Bxf7+ 1-0


[Site "https://www.chess.com"]

[Event "Titled Tuesday Blitz May 4 2021"]
[White "Ioannidis, Evgenios"]
[Black "Rytenko, Vsevolod"]
[WhiteFideId "4229274"]
[BlackFideId "14133040"]
[WhiteElo "2174"]
[BlackElo "2228"]
[Result "0-1"]
[Round "01"]
[TimeControl "180+1"]
[Date "2021.05.04"]
[WhiteClock "0:00:09"]
[BlackClock "0:00:25"]

1. d4 d5 2. c4 c6 3. cxd5 cxd5 4. Bf4 Nc6 5. e3 Qb6 6. Nc3 e6 7. a3 a6 8. Bd3 Nf6 9. h3 Be7 10. Nf3 O-O 11. O-O Bd7 12. b4 Rfc8 13. Na4 Qd8 14. Nc5 b5 15. Rc1 Be8 16. Qb3 h6 17. Rc3 Bxc5 18. Rxc5 Nb8 19. Rfc1 Rxc5 20. Rxc5 Nbd7 21. Rc3 Rc8 22. Qc2 Nb6 23. Bc7 Rxc7 24. Rxc7 Nc4 25. Ra7 Qb6 26. Ra8 g5 27. Ne5 Kg7 28. Bxc4 bxc4 29. f4 Qb7 30. Rd8 Qc7 31. Ra8 Qb7 32. Rxe8 Nxe8 33. fxg5 hxg5 34. Qf2 f6 35. Nf3 Nd6 36. h4 Ne4 37. Qc2 g4 38. Nd2 Nxd2 39. Qxd2 f5 40. Qc2 Qc7 41. Qc3 Qg3 42. a4 Qxh4 43. b5 axb5 44. axb5 g3 45. Kf1 Qh1+ 46. Ke2 Qxg2+ 47. Kd1 Qf1+ 48. Qe1 g2 0-1


[Site "https://www.chess.com"]

[Event "Titled Tuesday Blitz May 4 2021"]
[White "Isajevsky, Anton"]
[Black "Zemerov, Vladimir"]
[WhiteFideId "4142500"]
[BlackFideId "4111583"]
[WhiteElo "2510"]
[BlackElo "2277"]
[Result "1-0"]
[Round "01"]
[TimeControl "180+1"]
[Date "2021.05.04"]
[WhiteClock "0:01:44"]
[BlackClock "0:02:26"]

1. c4 d5 2. cxd5 Qxd5 3. Nc3 Qd8 4. d4 Nf6 5. Nf3 g6 6. e4 Bg7 7. h3 O-O 8. Be3 b6 9. Bd3 Bb7 10. O-O Nbd7 11. a4 a6 12. Qe2 c5 13. d5 e5 14. Nd2 a5 15. Bb5 Ne8 16. Nc4 Qe7 17. d6 Nxd6 18. Nxd6 Qxd6 19. Rfd1 Qf6 20. Rxd7 Bc6 21. Bxc6 Qxc6 22. Rad1 Rac8 23. R1d6 Qa8 24. Qc4 1-0


[Site "https://www.chess.com"]

[Event "Titled Tuesday Blitz May 4 2021"]
[White "Iskusnyh, Sergei"]
[Black "Sikorova, Olga"]
[WhiteFideId "4120027"]
[BlackFideId "307033"]
[WhiteElo "2492"]
[BlackElo "2188"]
[Result "1-0"]
[Round "01"]
[TimeControl "180+1"]
[Date "2021.05.04"]
[WhiteClock "0:02:15"]
[BlackClock "0:01:59"]

1. d4 Nf6 2. c4 g6 3. g3 Bg7 4. Bg2 O-O 5. Nc3 d6 6. Nf3 Nc6 7. O-O a6 8. d5 Na5 9. b3 Ne4 10. Nxe4 Bxa1 11. Bd2 Bg7 12. Bxa5 Bf5 13. Ned2 b6 14. Bb4 b5 15. e4 Bd7 16. Qc2 a5 17. Bc3 c6 18. Bxg7 Kxg7 19. dxc6 Bxc6 20. Nd4 Rc8 21. Qb2 f6 22. Ne6+ 1-0


[Site "https://www.chess.com"]

[Event "Titled Tuesday Blitz May 4 2021"]
[White "Ivanisevic, Ivan"]
[Black "Caputcuoglu, Zeki Berke"]
[WhiteFideId "912417"]
[BlackFideId "34548610"]
[WhiteElo "2525"]
[BlackElo "1368"]
[Result "1-0"]
[Round "01"]
[TimeControl "180+1"]
[Date "2021.05.04"]
[WhiteClock "0:00:44"]
[BlackClock "0:00:18"]

1. d4 Nf6 2. c4 g6 3. Nc3 Bg7 4. e4 d6 5. h3 O-O 6. Be3 c5 7. Nf3 cxd4 8. Nxd4 Nc6 9. Be2 Bd7 10. O-O Nxd4 11. Bxd4 Bc6 12. Qc2 Nd7 13. Bxg7 Kxg7 14. b4 b6 15. f4 Rc8 16. Qb2 Kg8 17. Rad1 Qc7 18. Bg4 h5 19. Bf3 Bb7 20. Nd5 Bxd5 21. cxd5 Qc3 22. Qxc3 Rxc3 23. Rd2 Rfc8 24. Kf2 a5 25. Rb1 a4 26. Ke2 Kg7 27. Rbd1 Kf6 28. Rd3 g5 29. g3 Rxd3 30. Rxd3 Rc2+ 31. Rd2 Rxd2+ 32. Kxd2 h4 33. fxg5+ Kxg5 34. gxh4+ Kxh4 35. Bd1 Kxh3 36. Bxa4 Ne5 37. Bb5 e6 38. dxe6 fxe6 39. a4 Nf7 40. a5 bxa5 41. bxa5 d5 42. e5 Nxe5 43. a6 1-0


[Site "https://www.chess.com"]

[Event "Titled Tuesday Blitz May 4 2021"]
[White "Jain, Naveen"]
[Black "Moultino06"]
[WhiteFideId "5003970"]
[WhiteElo "2036"]
[BlackElo "2682"]
[Result "0-1"]
[Round "01"]
[TimeControl "180+1"]
[Date "2021.05.04"]
[WhiteClock "0:00:01"]
[BlackClock "0:00:04"]

1. c4 b6 2. g3 Bb7 3. Nf3 c5 4. Bg2 Nf6 5. O-O g6 6. b3 Bg7 7. Bb2 O-O 8. e3 d5 9. cxd5 Qxd5 10. d4 cxd4 11. Qxd4 Qh5 12. Qd1 Na6 13. Nbd2 Nc5 14. Bd4 Rfd8 15. Ne5 Bxg2 16. Kxg2 Rac8 17. Qxh5 Nxh5 18. Ndf3 f6 19. Nc4 f5 20. Rfd1 Nf6 21. Bxc5 bxc5 22. Rxd8+ Rxd8 23. Rc1 Ne4 24. Rc2 Kf7 25. Ncd2 Nc3 26. Ng5+ Kg8 27. Ne6 Rd3 28. Nxc5 Rd5 29. Ne6 Bf6 30. Nf3 Ra5 31. a4 Kf7 32. Ned4 Nd5 33. Nb5 a6 34. Nc7 Nb4 35. Rc4 Nd3 36. Nd4 Nb2 37. Rc2 Bxd4 38. exd4 Nd3 39. b4 Rxa4 40. Rc4 Rxb4 41. Rc3 Rxd4 42. Nxa6 Ne5 43. Nc5 Rd2 0-1


[Site "https://www.chess.com"]

[Event "Titled Tuesday Blitz May 4 2021"]
[White "Jakubowska, Anna"]
[Black "Arkell, Keith C"]
[WhiteFideId "1121952"]
[BlackFideId "400270"]
[WhiteElo "2006"]
[BlackElo "2398"]
[Result "0-1"]
[Round "01"]
[TimeControl "180+1"]
[Date "2021.05.04"]
[WhiteClock "0:01:26"]
[BlackClock "0:02:25"]

1. e4 c6 2. d4 d5 3. e5 c5 4. dxc5 Nc6 5. Nf3 Bg4 6. Bb5 e6 7. O-O Bxc5 8. a3 Ne7 9. b4 Bb6 10. Bb2 O-O 11. Nbd2 Ng6 12. h3 Bxf3 13. Nxf3 a5 14. Qd2 Qe7 15. Bxc6 bxc6 16. Rfe1 axb4 17. axb4 c5 18. bxc5 Bxc5 19. Bd4 h6 20. Rxa8 Rxa8 21. Rb1 Bxd4 22. Qxd4 Qc7 23. Rb2 f6 24. exf6 Ra1+ 0-1


[Site "https://www.chess.com"]

[Event "Titled Tuesday Blitz May 4 2021"]
[White "Janaszak, Dawid"]
[Black "Kriti Mayur Patel"]
[WhiteFideId "1119206"]
[BlackFideId "35061780"]
[WhiteElo "2332"]
[BlackElo "1212"]
[Result "1-0"]
[Round "01"]
[TimeControl "180+1"]
[Date "2021.05.04"]
[WhiteClock "0:00:45"]
[BlackClock "0:01:25"]

1. e4 e5 2. Nf3 Nc6 3. d4 exd4 4. Nxd4 Bb4+ 5. c3 Bc5 6. Be3 Bb6 7. Nf5 Bxe3 8. Nxe3 Nf6 9. Bd3 O-O 10. c4 Ne5 11. Nc3 d6 12. O-O Nxd3 13. Qxd3 b6 14. Rfe1 Bb7 15. Ncd5 Nd7 16. Nf5 Ne5 17. Qg3 Ng6 18. h4 Bxd5 19. cxd5 Qf6 20. Rac1 Rac8 21. Rc3 Kh8 22. Rec1 Rce8 23. f3 Ne5 24. Rxc7 Ra8 25. Qg5 Qxg5 26. hxg5 Nd3 27. R1c2 Nb4 28. R2c4 Nd3 29. Nxd6 Nxb2 30. Rc2 Nd3 31. Nxf7+ Kg8 32. Nd6 Nc5 33. Nf5 a5 34. Rxg7+ Kh8 35. Rc7 Rab8 36. d6 Rfd8 37. g4 Nd3 38. Rh2 Ne5 39. Rhxh7+ Kg8 40. Nh6+ Kf8 41. Rh8# 1-0


[Site "https://www.chess.com"]

[Event "Titled Tuesday Blitz May 4 2021"]
[White "Jaracz, Pawel"]
[Black "Porter, Ryan W"]
[WhiteFideId "1102222"]
[BlackFideId "2011239"]
[WhiteElo "2495"]
[BlackElo "2393"]
[Result "0-1"]
[Round "01"]
[TimeControl "180+1"]
[Date "2021.05.04"]
[WhiteClock "0:00:15"]
[BlackClock "0:02:24"]

1. e4 d6 2. d4 Nf6 3. Nc3 g6 4. Be3 a6 5. Qd2 b5 6. Bd3 Nbd7 7. Nf3 Bb7 8. d5 c6 9. dxc6 Bxc6 10. a3 Bg7 11. Nd4 Bb7 12. f3 O-O 0-1


[Site "https://www.chess.com"]

[Event "Titled Tuesday Blitz May 4 2021"]
[White "Jaskolka, Tomasz"]
[Black "Mikhalevski, Victor"]
[WhiteFideId "1170791"]
[BlackFideId "2801914"]
[WhiteElo "2050"]
[BlackElo "2567"]
[Result "0-1"]
[Round "01"]
[TimeControl "180+1"]
[Date "2021.05.04"]
[WhiteClock "0:00:03"]
[BlackClock "0:00:18"]

1. d4 Nf6 2. Bf4 d5 3. e3 Bg4 4. Nf3 e6 5. c3 Bd6 6. Bg3 O-O 7. Nbd2 c5 8. Be2 Nc6 9. Ne5 Bxe2 10. Qxe2 Bxe5 11. dxe5 Nd7 12. Nf3 Qc7 13. e4 d4 14. cxd4 Nxd4 15. Nxd4 cxd4 16. O-O Nxe5 17. Qb5 f6 18. Rac1 Qd6 19. Rfd1 Rab8 20. Qa4 Rfd8 21. Qxa7 d3 22. Rc3 d2 23. Rc2 Rbc8 24. Qa4 Qd3 25. Rxc8 Rxc8 26. Bf4 g5 27. Bxe5 fxe5 28. h3 Kf7 29. Kh2 Rc1 30. Qa5 Rxd1 31. Qc7+ Kf6 32. Qxh7 Rh1+ 33. Kxh1 d1=Q+ 34. Kh2 Qd7 35. Qh6+ Ke7 36. Qxg5+ Kd6 37. Qe3 Qc6 38. Qa3+ Qc5 39. Qa8 Kc7 40. Qe8 Qd7 41. Qh5 Qg7 42. f3 Qf2 0-1


[Site "https://www.chess.com"]

[Event "Titled Tuesday Blitz May 4 2021"]
[White "Jobava, Baadur"]
[Black "Nazari, Arad"]
[WhiteFideId "13601520"]
[BlackFideId "12577324"]
[WhiteElo "2748"]
[BlackElo "2164"]
[Result "1-0"]
[Round "01"]
[TimeControl "180+1"]
[Date "2021.05.04"]
[WhiteClock "0:00:29"]
[BlackClock "0:00:13"]

1. e4 d5 2. exd5 Qxd5 3. Nc3 Qd6 4. d4 Nf6 5. Be2 Nc6 6. Be3 a6 7. Nf3 Bg4 8. h3 Bh5 9. Qd2 e6 10. O-O-O O-O-O 11. Kb1 Qd7 12. a3 Na5 13. Ne5 Qe8 14. Bxh5 Nxh5 15. Ne4 Nc6 16. Qc3 Ne7 17. Qb3 h6 18. Nc5 b6 19. Nxa6 f6 20. Qxe6+ Kb7 21. Nxc7 Kxc7 22. Nf7 Nf5 23. Qxe8 Rxe8 24. Nxh8 Nxe3 25. fxe3 Ng3 26. Rhe1 g5 27. Ng6 Bg7 28. c4 Kd6 29. b4 Ne4 30. Kc2 Ke6 31. Rf1 Ng3 32. Rf3 Ne4 33. Kd3 f5 34. g4 fxg4 35. hxg4 Nf6 36. Ne5 Rd8 37. c5 b5 38. Rdf1 Nd5 39. Rf5 Ne7 40. Nf7 Rf8 41. Nxg5+ hxg5 42. Rxf8 Bxf8 43. Rxf8 Nd5 44. Rf5 Nxe3 45. Re5+ Kf6 46. Kxe3 1-0


[Site "https://www.chess.com"]

[Event "Titled Tuesday Blitz May 4 2021"]
[White "Kabanov, Nikolai"]
[Black "volunteers1998"]
[WhiteFideId "4127820"]
[WhiteElo "2376"]
[BlackElo "2193"]
[Result "1-0"]
[Round "01"]
[TimeControl "180+1"]
[Date "2021.05.04"]
[WhiteClock "0:00:12"]
[BlackClock "0:00:17"]

1. c4 f5 2. Nc3 Nf6 3. g3 g6 4. Bg2 Bg7 5. Nf3 d6 6. d4 O-O 7. d5 e5 8. dxe6 Bxe6 9. Nd4 Bc8 10. Qb3 c6 11. O-O Qb6 12. Be3 Qxb3 13. Nxb3 Be6 14. Na5 b6 15. Nxc6 Nxc6 16. Bxc6 Rac8 17. Nd5 Kh8 18. Nxf6 Bxf6 19. Bd5 Bxd5 20. cxd5 Bxb2 21. Rab1 Bg7 22. Rfc1 Kg8 23. f3 Kf7 24. Kf2 Ke7 25. Bf4 Bd4+ 26. e3 Bf6 27. Ke2 Kd7 28. e4 Rxc1 29. Rxc1 fxe4 30. fxe4 Bd4 31. Kd3 Bc5 32. h4 h5 33. a4 a5 34. Kc4 Kc7 35. Kb5 Kb7 36. Re1 Re8 37. Re2 Bb4 38. e5 dxe5 39. Rxe5 Rxe5 40. Bxe5 Kc8 41. Kc6 Bc5 42. d6 Kd8 43. Bf6+ Kc8 44. d7+ 1-0


[Site "https://www.chess.com"]

[Event "Titled Tuesday Blitz May 4 2021"]
[White "Kakabayev, Mergen"]
[Black "Aditya Mittal"]
[WhiteFideId "14002990"]
[BlackFideId "35042025"]
[WhiteElo "2302"]
[BlackElo "2171"]
[Result "0-1"]
[Round "01"]
[TimeControl "180+1"]
[Date "2021.05.04"]
[WhiteClock "0:00:40"]
[BlackClock "0:00:26"]

1. e4 c5 2. Nf3 d6 3. d4 cxd4 4. Nxd4 Nf6 5. Nc3 a6 6. Bg5 e6 7. f4 Nbd7 8. Qf3 Qc7 9. O-O-O b5 10. a3 Bb7 11. g4 Be7 12. Bxf6 gxf6 13. f5 e5 14. Nb3 Rc8 15. Kb1 Nb6 16. Na5 Ba8 17. Qd3 d5 18. exd5 Bxa3 19. Nxb5 axb5 20. Qxa3 Qxc2+ 21. Ka2 Nc4 22. Bxc4 bxc4 23. Rc1 Qe4 24. Rhd1 Bxd5 25. Qd6 Rd8 26. Qxf6 c3+ 27. b3 Qa4+ 0-1


[Site "https://www.chess.com"]

[Event "Titled Tuesday Blitz May 4 2021"]
[White "Kalajzic, Ivan"]
[Black "Nouri, Alekhine"]
[WhiteFideId "14506378"]
[BlackFideId "5216184"]
[WhiteElo "2163"]
[BlackElo "1894"]
[Result "1-0"]
[Round "01"]
[TimeControl "180+1"]
[Date "2021.05.04"]
[WhiteClock "0:00:21"]
[BlackClock "0:00:29"]

1. d4 Nf6 2. Nc3 d5 3. Bg5 c6 4. e3 g6 5. f4 Bg7 6. Nf3 O-O 7. Be2 h6 8. Bh4 Bf5 9. O-O Nbd7 10. Ne5 e6 11. Bf3 Be4 12. Nxe4 dxe4 13. Nxd7 Qxd7 14. Bxf6 exf3 15. Bxg7 fxg2 16. Bxf8 gxf1=Q+ 17. Qxf1 Rxf8 18. c3 Qd5 19. Qg2 Rd8 20. Qxd5 exd5 21. Kf2 Re8 22. Rc1 f5 23. c4 dxc4 24. Rxc4 Kf7 25. Rc5 Kf6 26. Re5 Rd8 27. h4 b6 28. b4 g5 29. hxg5+ hxg5 30. fxg5+ Kxg5 31. Re7 Rh8 32. Kg3 a5 33. bxa5 bxa5 34. Re5 Rb8 35. Rxa5 Kf6 36. Kf4 Rb2 37. Rxf5+ Ke6 38. Ra5 Kd6 39. Ke4 Rh2 40. Ra8 Rh4+ 41. Kd3 Rh2 42. a4 c5 43. Ra6+ Kc7 44. dxc5 Rh4 45. e4 Rh1 46. Kd4 Rd1+ 47. Kc4 Rc1+ 48. Kd5 Rd1+ 49. Ke5 Rc1 50. c6 Re1 51. a5 Ra1 52. Kd5 Rd1+ 53. Ke6 Rd6+ 54. Ke7 Rd1 55. e5 Re1 56. e6 Re5 57. Kf6 Re1 58. e7 Rf1+ 59. Ke6 Re1+ 60. Kf7 Rf1+ 61. Ke8 Re1 62. Rb6 Kd6 63. Rb7 Kxc6 64. a6 Rh1 65. Kd8 Rd1+ 66. Kc8 Re1 67. a7 1-0


[Site "https://www.chess.com"]

[Event "Titled Tuesday Blitz May 4 2021"]
[White "Kalogeris, Ioannis"]
[Black "Reinaldovera"]
[WhiteFideId "4239563"]
[WhiteElo "2287"]
[BlackElo "2284"]
[Result "0-1"]
[Round "01"]
[TimeControl "180+1"]
[Date "2021.05.04"]
[WhiteClock "0:00:40"]
[BlackClock "0:00:45"]

1. e4 c5 2. Nf3 e6 3. c4 b6 4. Nc3 Bb7 5. d4 cxd4 6. Nxd4 Bb4 7. Bd3 Nf6 8. Qe2 Nc6 9. O-O Nxd4 10. Qe3 e5 11. Qg3 O-O 12. Nd5 Nxd5 13. cxd5 Bd6 14. Be3 Qe7 15. a3 f5 16. Rae1 f4 17. Qh3 fxe3 18. fxe3 Nb3 19. Bb5 Nc5 20. Rf5 Rxf5 21. Qxf5 Rf8 22. Qg4 Ba6 23. Bxa6 Nxa6 24. b4 Nc7 25. Ra1 a5 26. h4 axb4 27. axb4 Bxb4 28. Ra7 Bd6 29. h5 h6 30. Rb7 b5 31. Qg6 b4 32. Rb6 Bc5 33. d6 Bxe3+ 34. Kh2 Qh4# 0-1


[Site "https://www.chess.com"]